 Dungeon Crawl Stone Soup version 0.30-a0-591-g3c58d2bc28 (webtiles) character file.

Game seed: 3351099414028233014

1295 pokeman the Thaumaturge (level 8, -4/42 (44) HPs)
             Began as a Deep Elf Hedge Wizard on Jan 5, 2023.
             Slain by a wight
             ... wielding a +0 spear
              (6 damage)
             ... on level 5 of the Dungeon.
             The game lasted 00:10:54 (5629 turns).

pokeman the Thaumaturge (Deep Elf Hedge Wizard)     Turns: 5629, Time: 00:10:55

HP:   -4/42 (44)    AC:  3    Str:  7    XL:     8   Next: 30%
MP:   10/23         EV: 13    Int: 22    God:
Gold: 98            SH:  0    Dex: 14    Spells: 17/25 levels left

rFire   . . .      SeeInvis .    p - +2 falchion (holy)
rCold   . . .      Faith    .    (no shield)
rNeg    . . .      Spirit   .    b - +0 robe
rPois   .          Reflect  .    c - +0 hat
rElec   .          Harm     .    (no cloak)
rCorr   .          Rampage  .    e - +0 pair of gloves
Will    .....                    (no boots)
Stlth   ++                       (no amulet)
HPRegen 0.27/turn                n - ring of wizardry
MPRegen 0.18/turn                t - ring of wizardry

@: on blink cooldown, lightly drained
A: no striking features
a: no special abilities


You were on level 5 of the Dungeon.
You visited 1 branch of the dungeon, and saw 5 of its levels.

You collected 253 gold pieces.
You spent 155 gold pieces at shops.

Inventory:

Hand Weapons
 p - a +2 falchion of holy wrath (weapon)
 w - a +0 dagger of venom
Armour
 b - a +0 robe (worn)
 c - a +0 hat (worn)
 e - a +0 pair of gloves (worn)
Magical Staves
 C - a staff of poison
Jewellery
 n - a ring of wizardry (left hand)
 t - a ring of wizardry (right hand)
Wands
 y - a wand of iceblast (10)
Scrolls
 f - 2 scrolls of teleportation
 g - 2 scrolls of magic mapping
 h - 2 scrolls of torment {unknown}
 i - 2 scrolls of acquirement {unknown}
 j - a scroll of enchant armour {unknown}
 l - 2 scrolls of immolation {unknown}
 r - a scroll of identify {unknown}
 v - a scroll of fear {unknown}
 x - a scroll of fog {unknown}
 z - a scroll of amnesia {unknown}
 B - a scroll of poison {unknown}
Potions
 a - 2 potions of curing
 d - 2 potions of magic
 k - a potion of flight {unknown}
 m - a potion of lignification {unknown}
 o - 2 potions of cancellation {unknown}
 q - a potion of ambrosia {unknown}
 s - 2 potions of brilliance {unknown}
 u - a potion of degeneration {unknown}
 A - a potion of resistance {unknown}


   Skills:
 - Level 2.0 Fighting
 + Level 1.9 Armour
 - Level 4.0 Dodging
 - Level 3.0 Stealth
 * Level 9.4 Spellcasting
 + Level 5.0 Conjurations
 + Level 2.8 Summonings
 - Level 1.1 Translocations
 - Level 1.0 Air Magic
 - Level 2.2 Poison Magic
 - Level 1.2 Evocations


You had 17 spell levels left.
You knew the following spells:

 Your Spells              Type           Power      Damage    Failure   Level
a - Magic Dart            Conj           100%       1d8       1%          1
b - Mephitic Cloud        Conj/Pois/Air  22%        N/A       1%          3
c - Call Imp              Summ           22%        N/A       1%          2
d - Blink                 Tloc           30%        N/A       1%          2

Your spell library contained the following spells:

 Spells                   Type           Power      Damage    Failure   Level
 Slow                     Hex            40%        N/A       1%          1
 Cigotuvi's Dreadful Rot  Necr/Pois/Air  30%        N/A       1%          2
 Gell's Gravitas          Tloc           15%        N/A       3%          3
 Teleport Other           Tloc           15%        N/A       3%          3
 Dispersal                Tloc           7%         N/A       80%         6


Dungeon Overview and Level Annotations

Branches:
Dungeon (5/15)
 Temple: D:4-7

Altars:
Fedhas
Gozag
Ru
Sif Muna
Trog

Shops:
D:3 ??([


Message History

The wight hits you with a +0 great sword!
The wight hits you with a +0 great sword.
You feel drained.
You slash the wight!
You destroy the wight!
Your life force feels restored.
Your Conjurations skill increases to level 5!
Casting: Magic Dart (safe; 1% risk of failure)
Confirm with . or Enter, or press ? or * to list all spells.
A beastly little devil appears in a puff of flame.
The wight closely misses you.
You swap places.
The wight hits your crimson imp with a +5 morningstar!
Your crimson imp dies!
Your crimson imp disappears in a puff of smoke!
Casting: Call Imp (safe; 1% risk of failure)
Confirm with . or Enter, or press ? or * to list all spells.
A beastly little devil appears in a puff of flame.
You swap places.
The wight hits your crimson imp with a +5 morningstar!
Your crimson imp hits the wight but does no damage.
The wight hits your crimson imp with a +5 morningstar!
Your crimson imp dies!
Your crimson imp disappears in a puff of smoke!
You see here a +0 giant spiked club.
A wight comes into view. It is wielding a +0 spear.
The wight hits you with a +5 morningstar.
The wight attacks as you move away! The wight misses you.
The wight attacks as you move away!
The wight hits you with a +5 morningstar!!
You feel drained.
* * * LOW HITPOINT WARNING * * *
The wight attacks as you move away!
The wight hits you with a +5 morningstar!
* * * LOW HITPOINT WARNING * * *
Casting: Call Imp (safe; 1% risk of failure)
Confirm with . or Enter, or press ? or * to list all spells.
You blink.
The wight hits you from afar with a +0 spear.
You die...

######## #......#
#.####.##
######.....@.#
###.....§z.z#..#
#......#.##.#..###
####.#.##.#.##......#
....>#.##.#.....).#.#
.......##.#.#####.#.#
##.#..###.#...z...#.#
##.#..###.#########)###
##.#......# #.....#


You could see 2 wights.

Vanquished Creatures
  Menkaure (D:4)
  A black bear (D:4)
  An ice beast (D:5)
  2 ogres
  A centaur (D:5)
  2 scorpions (D:4)
  A wight (D:5)
  2 howler monkeys (D:4)
  2 hounds
  4 jellies
  2 iguanas
  3 orc wizards
  6 adders
  3 dart slugs
  12 orcs
  9 ball pythons
  6 bats
  10 endoplasms
  8 giant cockroaches
  9 goblins
  2 hobgoblins
  8 quokkas
  4 frilled lizards
  8 kobolds
  3 rats
110 creatures vanquished.

Vanquished Creatures (collateral kills)
  A hound (D:4)
  An orc (D:4)
  A quokka (D:4)
3 creatures vanquished.

Grand Total: 113 creatures vanquished

Notes
Turn   | Place    | Note
-------+----------+-------------------------------------------
     0 | D:1      | pokeman the Deep Elf Hedge Wizard began the quest for the
                  | Orb.
     0 | D:1      | Reached XP level 1. HP: 10/10 MP: 7/7
   204 | D:1      | Reached XP level 2. HP: 16/16 MP: 5/9
   784 | D:1      | Found a faded altar of an unknown god.
   828 | D:1      | Reached skill level 5 in Spellcasting
  1187 | D:2      | Reached XP level 3. HP: 20/20 MP: 9/11
  1191 | D:2      | Learned a level 3 spell: Mephitic Cloud
  1194 | D:2      | Learned a level 2 spell: Call Imp
  1197 | D:2      | Learned a level 2 spell: Blink
  1407 | D:2      | Reached skill level 1 in Fighting
  1440 | D:2      | Reached skill level 1 in Armour
  1973 | D:2      | Reached XP level 4. HP: 11/25 MP: 5/13
  2303 | D:3      | Found Kinagh's Magic Scroll Emporium.
  2308 | D:3      | Bought a scroll of magic mapping for 105 gold pieces
  2308 | D:3      | Bought a scroll of noise for 14 gold pieces
  2339 | D:3      | Found a blossoming altar of Fedhas.
  2477 | D:3      | Found Henenu's Antique Weapon Emporium.
  2500 | D:3      | Found Muud's Armour Shop.
  2535 | D:3      | Found Kuegodo's Magic Scroll Shop.
  2560 | D:3      | Bought a scroll of teleportation for 36 gold pieces
  2872 | D:3      | Reached skill level 6 in Spellcasting
  2872 | D:3      | Reached XP level 5. HP: 29/29 MP: 3/15
  3010 | D:3      | Found a sacrificial altar of Ru.
  3197 | D:3      | Found an opulent altar of Gozag.
  3207 | D:3      | Found a shimmering blue altar of Sif Muna.
  3449 | D:4      | Reached skill level 1 in Poison Magic
  3599 | D:4      | Reached XP level 6. HP: 34/34 MP: 2/17
  3743 | D:4      | Reached skill level 7 in Spellcasting
  4158 | D:4      | Reached XP level 7. HP: 32/38 MP: 4/20
  4431 | D:4      | Found a bloodstained altar of Trog.
  4441 | D:4      | Reached skill level 1 in Air Magic
  4711 | D:4      | Noticed Menkaure
  4720 | D:4      | Killed Menkaure
  4721 | D:4      | Reached skill level 8 in Spellcasting
  4721 | D:4      | Reached skill level 1 in Evocations
  5122 | D:5      | Entered Level 5 of the Dungeon
  5281 | D:5      | Reached XP level 8. HP: 44/44 MP: 16/22
  5340 | D:5      | Reached skill level 9 in Spellcasting
  5600 | D:5      | Reached skill level 5 in Conjurations
  5627 | D:5      | HP: 1/42 [wight/+5 morningstar (8)]
  5629 | D:5      | Slain by a wight

Illustrated notes

Levels and vault maps discovered:
D:1:      dpeg_arrival_fog, layout_loops_ring, ebering_ecumenical_altar_mist
D:2:      layout_loops_cross
D:3:      layout_basic, mainiacjoe_overflow_boulevard, minitemple,
          mainiacjoe_overflow_concentric_impassable, serial_shops, shop, shop,
          nicolae_lakefront_shop, nicolae_square_shop, minmay_strange_pillars,
          kennysheep_generic_room_9
D:4:      layout_basic, mainiacjoe_overflow_tiny_flanked, minmay_quadrilaterals,
          uniq_menkaure
D:5:      cheibrodos_iron_armory, layout_loops_cross, minmay_temple_entry_tees

Skill      XL: |  1  2  3  4  5  6  7  8 |
---------------+-------------------------+-----
Spellcasting   | 5 6 7 8 9 |  9.4
Fighting       | 1 2 |  2.0
Armour         | 1 |  1.9
Conjurations   | 2 3 4 5 |  5.0
Stealth        | 3 |  3.0
Dodging        | 3 4 |  4.0
Poison Magic   | 1 2 |  2.2
Air Magic      | 1 |  1.0
Evocations     | 1 |  1.2
Summonings     | 2 |  2.8
Translocations | |  1.1

Action                   |  1- 3 |  4- 6 |  7- 9 || total
-------------------------+-------+-------+-------++-------
Melee: Short sword       |    12 |       |       ||    12
       Falchion          |       |    15 |     5 ||    20
       Punch             |       |     2 |       ||     2
       Dagger            |       |       |    11 ||    11
 Cast: Magic Dart        |   105 |   144 |    89 ||   338
       Mephitic Cloud    |       |     8 |     5 ||    13
       Call Imp          |       |     3 |     6 ||     9
       Blink             |       |       |     1 ||     1
 Stab: Sleeping          |     1 |       |       ||     1
       Confused          |       |     1 |     3 ||     4
Armor: Robe              |    10 |     8 |     6 ||    24
Dodge: Dodged            |    21 |    32 |    26 ||    79

Table legend: (Time is in decaauts)
 A = Elapsed time spent in this place.
 B = Non-inter-level travel time spent in this place.
 C = Inter-level travel time spent in this place.
 D = Time resting spent in this place.
 E = Time spent auto-exploring this place.
 F = Levels seen in this place.
 G = Mean time per level.
                   A        B        C        D        E       F      G
               +--------+--------+--------+--------+--------+-----+--------+
         Total |   5631 |   5546 |     85 |    172 |   4550 |   5 | 1126.2 |
       Dungeon |   5631 |   5546 |     85 |    172 |   4550 |   5 | 1126.2 |
               +--------+--------+--------+--------+--------+-----+--------+

Top non-repeatable levels by time:
     D:4: 1896 daAuts
     D:1: 1181 daAuts
     D:3: 1122 daAuts
     D:2: 965 daAuts
     D:5: 465 daAuts
